 Dungeon Crawl Stone Soup version 0.31-a0-803-g95b03c3367 (webtiles) character file.

Game seed: 4851783687158236270

167752 Flugkiller the Devastator (level 17, -21/97 HPs)
             Began as a Deep Elf Fire Elementalist on Sept 21, 2023.
             Was a High Priest of Vehumet.
             Demolished by an alligator snapping turtle (28 damage)
             ... on level 4 of the Shoals.
             The game lasted 00:54:04 (32056 turns).

Flugkiller the Devastator (DEFE)                   Turns: 32056, Time: 00:54:05

Health: -21/97     AC: 21    Str:  5    XL:     17   Next: 32%
Magic:  43/52      EV: 16    Int: 29    God:    Vehumet [*****.]
Gold:   1840       SH:  0    Dex: 15    Spells: 7/56 levels left

rFire   + . .        P - +3 whip of Wubun {flame, rPois rF+ rCorr}
rCold   . . .        (no shield)
rNeg    . . .        g - +2 leather armour of Maofeg {MP+9}
rPois   +            E - +2 hat {SInv}
rElec   .            T - scarf {repulsion}
rCorr   +            a - +2 pair of gloves
SInv    +            S - +2 pair of boots
Will    +....        C - amulet of regeneration
Stlth   +            G - +4 ring of protection
HPRegen 1.16/turn    p - +4 ring of protection
MPRegen 0.33/turn

%: repel missiles
@: very slow
A: no striking features
a: Renounce Religion


You were on level 4 of the Shoals.
You worshipped Vehumet.
Vehumet was extremely pleased with you.
You visited 5 branches of the dungeon, and saw 27 of its levels.

You collected 2838 gold pieces.
You spent 998 gold pieces at shops.

Inventory:

Hand Weapons
 P - the +3 whip of Wubun (weapon) {flame, rPois rF+ rCorr}
   (You found it on level 15 of the Dungeon)

   rF+:       It protects you from fire.
   rPois:     It protects you from poison rCorr: It protects you from acid and
   corrosion.
Missiles
 e - 3 throwing nets
 F - a curare-tipped dart (quivered)
Armour
 a - a +2 pair of gloves (worn)
   (You bought it in a shop on level 2 of the Dungeon)
 g - the +2 leather armour of Maofeg (worn) {MP+9}
   (You found it on level 5 of the Dungeon)

   MP+9:      It affects your magic capacity (+9).
 E - a +2 hat of see invisible (worn)
   (You took it off Gastronok on level 10 of the Dungeon)
 S - a +2 pair of boots (worn)
   (You found it on level 8 of the Dungeon)
 T - a scarf of repulsion (worn)
   (You found it on level 5 of the Lair of Beasts)
Jewellery
 f - a ring of protection from fire
   (You found it on level 4 of the Lair of Beasts)
 i - a ring of see invisible
   (You found it on level 1 of the Shoals)
 m - a ring of willpower
   (You found it on level 15 of the Dungeon)
 p - a +4 ring of protection (right hand)
   (You found it on level 14 of the Dungeon)
 v - a +5 ring of evasion
   (You found it on level 1 of the Shoals)
 C - an amulet of regeneration (around neck)
   (You took it off a yaktaur on level 14 of the Dungeon)
 D - a ring of willpower
   (You took it off an orc knight on level 2 of the Orcish Mines)
 G - a +4 ring of protection (left hand)
   (You found it on level 3 of the Lair of Beasts)
 H - an amulet of guardian spirit
   (You found it on level 1 of the Lair of Beasts)
 K - a ring of magical power
   (You found it on level 11 of the Dungeon)
 Y - a ring of flight
   (You found it on level 13 of the Dungeon)
Wands
 A - a wand of paralysis (12)
   (You found it on level 5 of the Lair of Beasts)
 I - a wand of polymorph (1)
   (You found it on level 11 of the Dungeon)
 M - a wand of roots (11)
   (You found it on level 2 of the Lair of Beasts)
 N - a wand of acid (4)
   (You found it on level 3 of the Lair of Beasts)
 X - a wand of flame (8)
   (You found it on level 13 of the Dungeon)
Scrolls
 j - 6 scrolls of fog
 l - 3 scrolls of vulnerability
 n - 4 scrolls of enchant armour
 r - a scroll of summoning
 t - 6 scrolls of teleportation
 x - a scroll of silence {unknown}
 y - 6 scrolls of poison
 B - 4 scrolls of revelation
 L - a scroll of torment {unknown}
 U - 4 scrolls of immolation
 V - 2 scrolls of fear
Potions
 b - 2 potions of magic
 c - 2 potions of ambrosia
 d - a potion of might
 h - 2 potions of haste
 k - 3 potions of attraction
 o - a potion of berserk rage
 q - 5 potions of curing
 s - 3 potions of cancellation
 u - 2 potions of mutation
 w - 2 potions of heal wounds
 z - 2 potions of invisibility
 J - a potion of brilliance
 O - a potion of enlightenment
 Q - 3 potions of resistance {unknown}
 W - a potion of lignification


   Skills:
 - Level 8.0 Fighting
 - Level 11.0 Dodging
 - Level 2.4 Stealth
 - Level 20.0 Spellcasting
 + Level 20.2 Conjurations
 - Level 8.0 Transmutations
 - Level 16.9 Fire Magic


You had 7 spell levels left.
You knew the following spells:

 Your Spells              Type           Power      Damage    Failure   Level
a - Foxfire               Conj/Fire      100%       2x1d9     0%          1
b - Scorch                Fire           100%       2d9       0%          2
c - Inner Flame           Hex/Fire       67%        N/A       1%          3
d - Flame Wave            Conj/Fire      95%        2d20      0%          4
e - Orb of Destruction    Conj           49%        9d13      1%          7
f - Starburst             Conj/Fire      47%        6d13      1%          6
g - Plasma Beam           Fire/Air       33%        2x1d46    3%          6
h - Spellforged Servitor  Conj/Summ      36%        N/A       9%          7
i - Irradiate             Conj/Tmut      42%        3d25      1%          5
j - Lehudib's Crystal Sp  Conj/Erth      36%        10d9      50%         8

Your spell library contained the following spells:

 Spells                   Type           Power      Damage    Failure   Level
 Fire Storm               Conj/Fire      47%        8d12      28%         9
 Chain Lightning          Conj/Air       36%        3d48      100%        9
 Shatter                  Erth           14%        3d14*     100%        9
 Sticky Flame             Conj/Fire      95%        2d10      0%          4
 Kiss of Death            Conj/Necr      100%       2d13      1%          1
 Shock                    Conj/Air       100%       1d9       1%          1
 Poisonous Vapours        Pois/Air       58%        N/A       1%          2
 Wereblood                Tmut           66%        N/A       1%          2
 Hailstorm                Conj/Ice       73%        3d15      1%          3
 Ignite Poison            Fire/Tmut/Pois 67%        N/A       1%          3
 Mephitic Cloud           Conj/Pois/Air  61%        N/A       1%          3
 Volatile Blastmotes      Fire/Tloc      100%       2d18      1%          3
 Iskenderun's Mystic Bla  Conj/Tloc      73%        2d15      1%          4
 Freezing Cloud           Conj/Ice/Air   30%        6-21      1%          5
 Summon Small Mammal      Summ           100%       N/A       2%          1
 Cigotuvi's Dreadful Rot  Necr/Pois/Air  58%        N/A       3%          2
 Sublimation of Blood     Necr           29%        N/A       3%          2
 Yara's Violent Unravell  Hex/Tmut       25%        3d11      3%          5
 Petrify                  Tmut/Erth      51%        N/A       4%          4
 Airstrike                Air            14%        2d(3-19)  6%          4
 Call Canine Familiar     Summ           29%        N/A       7%          3
 Confusing Touch          Hex            29%        N/A       7%          3
 Ozocubu's Armour         Ice            29%        N/A       7%          3
 Summon Guardian Golem    Hex/Summ       29%        N/A       7%          3
 Swiftness                Air            29%        N/A       7%          3
 Tukima's Dance           Hex            29%        N/A       7%          3
 Lee's Rapid Deconstruct  Erth           14%        3d9*      16%         5
 Animate Armour           Summ/Erth      58%        N/A       22%         4
 Animate Dead             Necr           29%        N/A       22%         4
 Dimensional Bullseye     Hex/Tloc       14%        N/A       22%         4
 Dispel Undead            Necr           29%        3d13      22%         4
 Passage of Golubria      Tloc           29%        N/A       22%         4
 Summon Ice Beast         Ice/Summ       29%        N/A       22%         4
 Summon Lightning Spire   Summ/Air       29%        N/A       22%         4
 Silence                  Hex/Air        14%        N/A       52%         5
 Death Channel            Necr           14%        N/A       98%         6
 Simulacrum               Ice/Necr       14%        N/A       98%         6
 Summon Cactus Giant      Summ           14%        N/A       98%         6
 Ozocubu's Refrigeration  Ice            14%        4d10      98%         7
 Enfeeble                 Hex            14%        N/A       100%        7
 Haunt                    Necr/Summ      14%        N/A       100%        7
 Ignition                 Fire           45%        3d13      4%          8
 Infestation              Necr           14%        N/A       100%        8


Dungeon Overview and Level Annotations

Branches:
Dungeon (15/15) Zot: 23929  Temple (1/1) D:7 Zot: 5853    Lair (5/5) D:8 Zot: 21985
 Shoals (4/4) Lair:3 Zot: 19989  Spider (0/4) Lair:3        Slime (0/5) Lair:5
    Orc (2/2) D:10 Zot: 9612     Elf (0/3) Orc:2        Vaults (0/5) D:14
 Depths (0/4) D:15

Altars:
Ashenzari
Cheibriados
Dithmenos
Elyvilon
Fedhas
Gozag
Hepliaklqana
Kikubaaqudgha
Makhleb
Nemelex Xobeh
Okawaru
Qazlal
Ru
Sif Muna
Trog
Uskayaw
Vehumet
Wu Jian
Xom
Yredelemnul
Zin
The Shining One
Jiyva

Shops:
D:2 =([[:   D:7 **   D:9 (   D:12 (   Orc:2 !:*(   Shoals:3 *

Annotations:
D:3 4 runed translucent doors, KimchiStew's ghost, amateur MeEE; noobster's ghost, amateur DrBe
D:7 3 runed translucent doors, kagamino's ghost, novice TrFi
D:9 3 runed translucent doors, AceOff's ghost, journeyman DsGl
D:10 2 transporters
D:13 2 runed translucent doors, Zituum's ghost, journeyman DESu
Lair:5 1 runed translucent door, Tungsten's ghost, journeyman TrSh
Shoals:2 1 runed translucent door, Wusuin's ghost, adept MiBe
Shoals:4 Ilsuiw


Message History

Confirm with . or Enter, or press ? or * to list all spells.
The bolt of fire hits the snapping turtle!!!
The snapping turtle is severely wounded.
The snapping turtle is engulfed in a cloud of scalding steam.
The snapping turtle barely misses you.
Casting: Starburst (safe; 1% risk of failure)
Confirm with . or Enter, or press ? or * to list all spells.
The bolt of fire hits the snapping turtle!!!
You kill the snapping turtle!
Vehumet accepts your kill.
You feel your power returning.
You start resting.
HP restored.
You start resting.
A merfolk impaler comes into view. It is wielding a +2 trident of pain.
A merfolk impaler is nearby!
A merfolk impaler is nearby!
Casting: Starburst (safe; 1% risk of failure)
Confirm with . or Enter, or press ? or * to list all spells.
You can't see any susceptible monsters within range! (Use Z to cast anyway.)
The merfolk impaler hits you from afar with a +2 trident of pain!
Casting: Starburst (safe; 1% risk of failure)
Confirm with . or Enter, or press ? or * to list all spells.
The bolt of fire hits the merfolk impaler!!!
The merfolk impaler is heavily wounded.
The merfolk impaler barely misses you.
The merfolk impaler hits you but does no damage.
You writhe in agony.
Casting: Starburst (safe; 1% risk of failure)
Confirm with . or Enter, or press ? or * to list all spells.
The bolt of fire misses the merfolk impaler.
The merfolk impaler hits you from afar with a +2 trident of pain.
You writhe in agony.
The merfolk impaler hits you from afar with a +2 trident of pain.
Casting: Starburst (safe; 1% risk of failure)
Confirm with . or Enter, or press ? or * to list all spells.
The bolt of fire misses the merfolk impaler.
The merfolk impaler closely misses you.
Casting: Starburst (safe; 1% risk of failure)
Confirm with . or Enter, or press ? or * to list all spells.
The bolt of fire misses the merfolk impaler.
The merfolk impaler misses you.
The merfolk impaler hits you but does no damage.
Casting: Starburst (safe; 1% risk of failure)
Confirm with . or Enter, or press ? or * to list all spells.
The bolt of fire hits the merfolk impaler!!
The merfolk impaler is almost dead.
The merfolk impaler hits you but does no damage.
You writhe in agony.
The merfolk impaler hits you from afar with a +2 trident of pain.
You writhe in agony.
Casting: Starburst (safe; 1% risk of failure)
Confirm with . or Enter, or press ? or * to list all spells.
The bolt of fire hits the merfolk impaler!!!
You kill the merfolk impaler!
Vehumet accepts your kill.
You feel your power returning.
You start resting.
HP restored.
You start resting.
Things that are here:
a +2 trident of pain; a +0 robe; a merfolk corpse You enter the shallow water.
Moving in this stuff is going to be slow.
You enter the shallow water.
Moving in this stuff is going to be slow.
Magic restored.
You open the door.
A snapping turtle comes into view.
The snapping turtle hisses angrily.
A water elemental comes into view.
Found a lightning rod (4/4).
There are monsters nearby!
There are monsters nearby!
An alligator snapping turtle comes into view.
The alligator snapping turtle hisses angrily.
The alligator snapping turtle bites you from afar!!
There is an open door, spattered with blood here.
Casting: Starburst (safe; 1% risk of failure)
Confirm with . or Enter, or press ? or * to list all spells.
The bolt of fire hits the snapping turtle!!!
The snapping turtle is severely wounded.
The alligator snapping turtle bites you from afar!!!
Casting: Starburst (safe; 1% risk of failure)
Confirm with . or Enter, or press ? or * to list all spells.
The bolt of fire hits the water elemental!!!
The water elemental is burned terribly!
You destroy the water elemental!
Vehumet accepts your kill.
The bolt of fire hits the snapping turtle!!
You kill the snapping turtle!
Vehumet accepts your kill.
You feel your power returning.
You enter the shallow water.
Moving in this stuff is going to be slow.
The alligator snapping turtle attacks as it pursues you!
The alligator snapping turtle bites you from afar!!
* * * LOW HITPOINT WARNING * * *
The alligator snapping turtle bites you from afar!!
You die...

...~~~~~~~~~~~~~~~~~..~~~~~≈
~~.<~~~~~~~~~#####~~...~~~~≈
†)†...~~~~~~##..~##.....~~~≈
~~..#.~~~~~~#...~~#.....~~~≈
~~~~.~~~~≈≈~#..}.~#....~~~≈≈
~~~~~~~~~≈≈≈#§§§.§#...~~~~≈≈
~~~~~§~ ≈ #§t~##~.~~~~≈≈≈
~~~~~§~ ≈≈≈≈##§##~~~~≈≈≈≈≈≈
~~~~~~~ ≈≈≈≈≈≈§§@~~~~≈≈≈≈≈≈≈
≈≈≈≈~~~ ≈≈≈≈≈§§§≈§≈≈≈≈≈≈≈≈≈≈
≈≈≈≈≈≈§≈≈≈§≈≈≈≈≈≈≈≈≈
≈§≈≈≈≈≈≈≈≈≈≈≈≈≈≈≈≈≈≈
§§≈≈≈≈≈§≈≈≈≈≈≈§≈≈≈≈
≈≈§≈≈≈≈§≈≈≈≈§≈≈≈≈≈≈
###################


You could see an alligator snapping turtle.

Vanquished Creatures
  Mara (Shoals:4)
  Jorgrun (D:13)
  Rupert (D:13)
  Gastronok (D:10)
  A kraken (Shoals:1)
  A tengu reaver (D:15)
  An orc warlord (Orc:2)
  Nessos (Lair:4)
  Azrael (D:15)
  Snorg (D:12)
  3 merfolk javelineers
  4 merfolk impalers
  A fire dragon (D:14)
  Josephine (D:15)
  An ogre mage (D:14)
  7 hydras
  Harold (Lair:1)
  Erolcha (D:13)
  5 centaur warriors
  3 merfolk avatars
  3 catoblepae (Lair:5)
  2 merfolk aquamancers
  8 two-headed ogres
  3 boulder beetles
  11 death yaks
  Urug (Lair:4)
  5 orc high priests (Orc:2)
  A deep elf knight (D:14)
  4 skeletal warriors
  7 skysharks
  6 sea snakes
  Lodul (D:13)
  A wizard (D:15)
  4 bog bodies (Shoals:3)
  2 flayed ghosts (D:15)
  A harpy (shapeshifter) (D:15)
  A wolf spider zombie (D:15)
  15 harpies
  A necromancer (D:15)
  4 orc knights (Orc:2)
  6 deep elf pyromancers
  6 orc sorcerers
  2 deep elf zephyrmancers
  Pikel (D:4)
  19 manticores
  10 fauns
  16 cyclopes
  3 ugly things (D:15)
  2 wolf spiders
  A centaur zombie (D:15)
  6 merfolk sirens
  6 elephants
  A naga mage (D:15)
  2 torpor snails
  A black mamba (shapeshifter) (D:15)
  5 black mambas
  4 water nymphs
  3 orange demons (D:12)
  18 cane toads
  An unseen horror (D:10)
  A centaur skeleton (D:15)
  A gargoyle (D:11)
  3 yaktaurs (D:14)
  10 komodo dragons
  2 rime drakes
  A kobold demonologist (D:10)
  6 trolls (Orc:2)
  23 merfolk
  2 polar bears
  A wolf spider simulacrum (D:15)
  24 blink frogs
  4 wind drakes
  A hornet (D:7)
  12 snapping turtles
  11 dream sheep
  4 slime creatures
  A jumping spider (shapeshifter) (D:15)
  11 water elementals
  4 shadows
  93 yaks
  A vampire (D:11)
  11 basilisks
  6 wraiths
  A culicivora (Lair:3)
  4 wyverns
  A redback (Lair:3)
  Grum (Lair:1)
  3 vampire mosquitoes (D:10)
  2 fire elementals (D:15)
  4 steam dragons
  A redback simulacrum (D:15)
  4 wargs (Orc:2)
  2 acid dragons
  20 water moccasins
  Duvessa (D:5)
  2 hell hounds (D:15)
  37 orc warriors
  4 ice beasts
  3 black bears
  4 sky beasts
  A boggart (D:14)
  20 centaurs
  19 ogres
  17 wolves
  3 lemures (D:4)
  4 kobold brigands
  13 bullfrogs
  3 scorpions (D:12)
  A gnoll sergeant (D:12)
  Dowan (D:4)
  6 killer bees (D:9)
  2 electric eels
  7 howler monkeys
  A hound (D:6)
  32 orc priests
  2 jellies
  A sleepcap (D:7)
  3 iguanas
  27 orc wizards
  Robin (D:4)
  3 gnolls (D:12)
  2 adders
  A white imp (D:7)
  3 ufetubi (D:6)
  3 worms
  2 dart slugs
  91 orcs
  An endoplasm (D:1)
  4 giant cockroaches
  10 goblins
  7 hobgoblins
  8 jackals
  23 kobolds
  A quokka (D:2)
  2 ball pythons
  5 bats
  2 frilled lizards
  8 rats
  4 tentacles (Shoals:1)
902 creatures vanquished.

Vanquished Creatures (collateral kills)
  6 foxfires
6 creatures vanquished.

Vanquished Creatures (others)
  1417 foxfires
  12 tentacles (Shoals:1)
1429 creatures vanquished.

Grand Total: 2337 creatures vanquished

Notes
Turn   | Place    | Note
-------+----------+-------------------------------------------
     0 | D:1      | Flugkiller the Deep Elf Fire Elementalist began the quest
                  | for the Orb.
     0 | D:1      | Reached XP level 1. HP: 10/10 MP: 6/6
   173 | D:1      | Reached XP level 2. HP: 15/15 MP: 0/8
   712 | D:2      | Found a shimmering altar of Xom.
   712 | D:2      | Found Bineorub's Antique Armour Shop.
   817 | D:2      | Reached XP level 3. HP: 19/19 MP: 4/9
   875 | D:2      | Identified the +4 scale mail of the Lily {Rampage rPois
                  | Will- MP+9}
   878 | D:2      | Found Uhesacs's Weapon Shop.
   926 | D:2      | Found Puteuh's Jewellery Emporium.
   958 | D:2      | Found Reiroogu's Antique Armour Emporium.
  1051 | D:2      | Found Kusi's Book Shop.
  1351 | D:3      | Found a runed translucent gate.
  1351 | D:3      | Found a runed translucent gate.
  1351 | D:3      | Found a runed translucent gate.
  1351 | D:3      | Noticed KimchiStew's ghost (amateur MeEE)
  1351 | D:3      | Noticed noobster's ghost (amateur DrBe)
  1683 | D:3      | Found a runed translucent door.
  1684 | D:3      | Noticed a human
  1686 | D:3      | Found a basalt altar of Yredelemnul.
  1936 | D:4      | Noticed Duvessa
  2077 | D:4      | Reached XP level 4. HP: 24/24 MP: 6/11
  2489 | D:4      | Noticed Pikel
  2489 | D:4      | Noticed a lemure
  2489 | D:4      | Noticed a lemure
  2489 | D:4      | Noticed a lemure
  2570 | D:4      | Learned a level 2 spell: Scorch
  2574 | D:4      | Learned a level 3 spell: Inner Flame
  2660 | D:4      | Killed a lemure
  2761 | D:4      | Noticed a lemure
  2776 | D:4      | Killed a lemure
  2791 | D:4      | Noticed Robin
  2796 | D:4      | Killed Robin
  2836 | D:4      | Killed a lemure
  2967 | D:4      | Noticed Dowan
  3002 | D:4      | Killed Dowan
  3003 | D:4      | Reached XP level 5. HP: 25/28 MP: 7/13
  3282 | D:4      | Killed Pikel
  3283 | D:4      | Reached skill level 5 in Spellcasting
  3283 | D:4      | Reached skill level 5 in Conjurations
  3283 | D:4      | Reached skill level 5 in Fire Magic
  3283 | D:4      | Reached XP level 6. HP: 30/32 MP: 7/16
  3283 | D:4      | Reached XP level 7. HP: 34/36 MP: 7/17
  3513 | D:5      | Entered Level 5 of the Dungeon
  3643 | D:5      | Identified the +2 leather armour of Maofeg {MP+9}
  4489 | D:6      | Reached XP level 8. HP: 39/41 MP: 10/19
  5150 | D:6      | Found a hazy altar of Hepliaklqana.
  5342 | D:6      | Learned a level 4 spell: Flame Wave
  5348 | D:6      | Learned a level 5 spell: Irradiate
  5350 | D:6      | Found a glowing silver altar of Zin.
  5501 | D:6      | Reached skill level 1 in Transmutations
  5749 | D:7      | Reached XP level 9. HP: 41/45 MP: 23/23
  5864 | D:7      | Found a staircase to the Ecumenical Temple.
  5896 | Temple   | Entered the Ecumenical Temple
  5969 | Temple   | Became a worshipper of Vehumet
  6315 | D:7      | Found Xof Zukh's General Store.
  6324 | D:7      | Found Fixy's Island Escapes.
  6364 | D:7      | Reached skill level 10 in Conjurations
  6368 | D:7      | Found a runed translucent gate.
  6370 | D:7      | Found a runed translucent gate.
  6491 | D:7      | Noticed kagamino's ghost (novice TrFi)
  6506 | D:7      | Found a runed translucent gate.
  6617 | D:8      | Reached skill level 5 in Transmutations
  6782 | D:8      | Reached XP level 10. HP: 39/50 MP: 14/25
  6819 | D:8      | Reached * piety under Vehumet
  6819 | D:8      | Offered knowledge of Freeze by Vehumet.
  7174 | D:8      | Found a staircase to the Lair.
  7351 | D:8      | Reached skill level 10 in Spellcasting
  8036 | D:9      | Offered knowledge of Kiss of Death by Vehumet.
  8069 | D:9      | Found Fixtarch's Hydra Hut.
  8072 | D:9      | Noticed a seven-headed hydra
  8080 | D:9      | Reached ** piety under Vehumet
  8161 | D:9      | Reached skill level 1 in Fighting
  8313 | D:9      | Found a runed translucent gate.
  8313 | D:9      | Found a runed translucent gate.
  8313 | D:9      | Found a runed translucent gate.
  8427 | D:9      | Noticed a two-headed ogre
  8435 | D:9      | Killed a two-headed ogre
  8752 | D:9      | Noticed AceOff's ghost (journeyman DsGl)
  8787 | D:10     | Entered Level 10 of the Dungeon
  8870 | D:10     | Noticed Gastronok
  8953 | D:10     | Reached skill level 5 in Dodging
  8953 | D:10     | Reached XP level 11. HP: 59/59 MP: 27/27
  9048 | D:10     | Offered knowledge of Momentum Strike by Vehumet.
  9127 | D:10     | Killed Gastronok
  9275 | D:10     | Found a transporter.
  9399 | D:10     | Found a staircase to the Orcish Mines.
  9423 | D:10     | Noticed a two-headed ogre
  9443 | D:10     | Found a transporter.
  9444 | D:10     | Noticed a fire crab
  9447 | D:10     | Noticed a deep elf knight
  9483 | D:10     | Noticed a sixfirhy
  9487 | D:10     | Reached *** piety under Vehumet
  9626 | D:10     | Killed a two-headed ogre
  9641 | D:10     | Found a snail-covered altar of Cheibriados.
  9650 | D:10     | Found a stormy altar of Qazlal.
 10164 | D:11     | Offered knowledge of Dazzling Flash by Vehumet.
 10941 | Lair:1   | Entered Level 1 of the Lair of Beasts
 11011 | Lair:1   | Reached skill level 5 in Fighting
 11371 | Lair:1   | Reached **** piety under Vehumet
 11372 | Lair:1   | Reached XP level 12. HP: 68/68 MP: 24/29
 11467 | Lair:1   | Noticed a boulder beetle
 11477 | Lair:1   | Killed a boulder beetle
 11650 | Lair:1   | Noticed Grum
 11662 | Lair:1   | Offered knowledge of Iskenderun's Mystic Blast by Vehumet.
 11662 | Lair:1   | Killed Grum
 11668 | Lair:1   | Reached skill level 10 in Dodging
 11912 | Lair:1   | Noticed Harold
 11921 | Lair:1   | Killed Harold
 12830 | Lair:1   | You fall into a shaft and drop 1 floor!
 12906 | Lair:2   | Reached ***** piety under Vehumet
 12906 | Lair:2   | Offered knowledge of Brom's Barrelling Boulder by Vehumet.
 13022 | Lair:2   | Noticed a death yak
 13072 | Lair:2   | Killed a death yak
 13073 | Lair:2   | Reached XP level 13. HP: 74/74 MP: 32/32
 14149 | Lair:3   | Found a staircase to the Shoals.
 14554 | Lair:3   | Reached skill level 15 in Conjurations
 14571 | Lair:3   | Reached skill level 15 in Spellcasting
 14873 | Lair:3   | Identified the +4 spear of Wyrd {drain, rN+ Str-2 SInv}
 15146 | Lair:3   | Found a hole to the Spider Nest.
 15781 | Lair:4   | Reached skill level 10 in Fire Magic
 16041 | D:5      | Killed Duvessa
 16120 | D:2      | Bought a book of Dangerous Friends for 440 gold pieces
 16128 | D:2      | Learned a level 7 spell: Orb of Destruction
 16688 | Lair:4   | Noticed Nessos
 16698 | Lair:4   | Killed Nessos
 16704 | Lair:4   | Noticed Urug
 16708 | Lair:4   | Killed Urug
 16824 | Lair:4   | Found a shimmering altar of Xom.
 17219 | Lair:5   | Entered Level 5 of the Lair of Beasts
 17231 | Lair:4   | Reached XP level 14. HP: 72/82 MP: 35/35
 17315 | Lair:5   | Offered knowledge of Yara's Violent Unravelling by Vehumet.
 17611 | Lair:5   | Found a runed translucent door.
 17612 | Lair:5   | Found a shimmering altar of Xom.
 17612 | Lair:5   | Noticed Tungsten's ghost (journeyman TrSh)
 18098 | Lair:5   | Offered knowledge of Plasma Beam by Vehumet.
 18139 | Lair:4   | Learned a level 6 spell: Plasma Beam
 18164 | Lair:5   | Identified the +9 scimitar of Incongruity {chaos, rPois
                  | rF+++ Int-4 Stlth+}
 18666 | Lair:5   | Found a viscous altar of Jiyva.
 18668 | Lair:5   | Found a staircase to the Slime Pits.
 19226 | Lair:5   | Got a quivering book
 20085 | D:12     | Noticed Snorg
 20090 | D:12     | Killed Snorg
 20133 | D:12     | Found Feapom's Antique Weapon Boutique.
 20542 | D:13     | Noticed Jorgrun
 20542 | D:13     | Noticed Rupert
 20560 | D:13     | Killed Jorgrun
 20631 | D:13     | Noticed Erolcha
 20634 | D:13     | Killed Erolcha
 20652 | D:13     | Killed Rupert
 20786 | D:13     | Noticed Lodul
 20791 | D:13     | Killed Lodul
 21109 | D:13     | Reached XP level 15. HP: 88/88 MP: 36/36
 21456 | D:13     | Found the +2 pair of slick slippers {slick, slippery, EV+4}
 21540 | D:13     | Found a runed translucent door.
 21632 | D:13     | Found a runed translucent door.
 21632 | D:13     | Noticed Zituum's ghost (journeyman DESu)
 22033 | D:2      | Bought a pair of embroidered gloves for 180 gold pieces
 22456 | D:14     | Offered knowledge of Starburst by Vehumet.
 22549 | D:14     | Learned a level 6 spell: Starburst
 22772 | D:14     | You fall into a shaft and drop 1 floor!
 22772 | D:15     | Entered Level 15 of the Dungeon
 22774 | D:15     | Found an iron altar of Okawaru.
 22826 | D:15     | Found a runed translucent door.
 23758 | D:14     | Found a gate to the Vaults.
 23759 | D:14     | Paralysed by an ogre mage for 3 turns
 23899 | D:14     | Found the +7 hand cannon "Mule" {flame, backblast, rF+}
 24254 | D:15     | Noticed Azrael
 24274 | D:15     | Killed Azrael
 24540 | D:15     | Noticed Josephine
 24551 | D:15     | Killed Josephine
 25108 | D:15     | Reached ****** piety under Vehumet
 25244 | D:15     | Found a staircase to the Depths.
 25459 | D:15     | Noticed a tengu reaver
 25461 | D:15     | Killed a tengu reaver
 25551 | D:15     | Identified the +6 broad axe of the Hierophant {freeze,
                  | rElec}
 25554 | D:15     | Identified the +3 whip of Wubun {flame, rPois rF+ rCorr}
 25753 | Orc:1    | Entered Level 1 of the Orcish Mines
 25900 | Orc:2    | Entered Level 2 of the Orcish Mines
 25944 | Orc:2    | Offered knowledge of Arcjolt by Vehumet.
 26817 | Orc:2    | Found a staircase to the Elven Halls.
 26908 | Orc:2    | Offered knowledge of Fireball by Vehumet.
 27105 | Orc:2    | Reached XP level 16. HP: 76/93 MP: 41/41
 27160 | Orc:2    | Found Calogu's Antique Weapon Boutique.
 27177 | Orc:2    | Found Jutui's Assorted Antiques.
 27664 | Orc:2    | Found Pareocio's Distillery.
 27668 | Orc:2    | Offered knowledge of Leda's Unmaking by Vehumet.
 27674 | Orc:2    | Bought a potion of heal wounds for 80 gold pieces
 27734 | Orc:2    | Bought a potion of heal wounds for 190 gold pieces
 27734 | Orc:2    | Bought a scroll labelled GUSTUETWE for 38 gold pieces
 27815 | Orc:2    | Found Xeirango's Book Boutique.
 28280 | Shoals:1 | Entered Level 1 of the Shoals
 29411 | Shoals:1 | Noticed a kraken
 29439 | Shoals:1 | Killed a kraken
 29439 | Shoals:1 | Offered knowledge of Fire Storm by Vehumet.
 29439 | Shoals:1 | Offered knowledge of Shatter by Vehumet.
 29439 | Shoals:1 | Offered knowledge of Chain Lightning by Vehumet.
 30474 | Shoals:2 | Found a runed translucent door.
 30482 | Shoals:2 | Noticed Wusuin's ghost (adept MiBe)
 30675 | Shoals:3 | Found Booder's Assorted Antiques.
 30753 | Shoals:3 | Reached skill level 15 in Fire Magic
 30801 | Shoals:3 | Reached XP level 17. HP: 86/97 MP: 15/43
 30954 | Shoals:3 | Bought 2 dark potions for 70 gold pieces
 30972 | Shoals:3 | Identified the +2 robe "Xuimpige" {Int+3}
 31452 | Shoals:4 | Entered Level 4 of the Shoals
 31671 | Shoals:4 | Noticed Mara
 31677 | Shoals:4 | Noticed Flugkiller's illusion
 31678 | Shoals:4 | Killed Mara
 31679 | Shoals:4 | Noticed Ilsuiw
 31747 | Shoals:4 | Learned a level 7 spell: Spellforged Servitor
 31756 | Shoals:4 | Learned a level 8 spell: Lehudib's Crystal Spear
 32056 | Shoals:4 | Demolished by an alligator snapping turtle

Illustrated notes

Levels and vault maps discovered:
D:1:      dpeg_arrival_tiny_a, layout_basic
D:2:      layout_rooms, basic_altar, serial_shops,
          nicolae_shop_tiny_real_fake_doors, shop, shop,
          nicolae_shop_hallway_plus, shop, lightli_corner_chamber
D:3:      layout_loops_ring, dk_yredelemnul_ordeal, gammafunk_ghost_cemetery
D:4:      layout_loops_ring, roderic_cross_of_infinity, grunt_decor_clamped,
          uniq_robin, uniq_duvessa, uniq_pikel
D:5:      layout_basic
D:6:      layout_gridville, nicolae_hepliaklqana_hippocampus, zin_scriptorium,
          serial_rivers, chequers_serial_rivers_small_a,
          chequers_serial_rivers_small_3, chequers_serial_rivers_large_a,
          chequers_serial_rivers_room_a, chequers_serial_rivers_small_b,
          chequers_serial_rivers_micro_b, kennysheep_cross_room,
          palyth_stone_intersect
D:7:      layout_rooms, minmay_temple_entry_statues_fountains, serial_shops,
          nicolae_shop_peninsula, gammafunk_ghost_nasty_kobolds,
          nicolae_island_escapes
D:8:      layout_basic, minmay_lair_entry_grove, minivault_26,
          minmay_quadrilaterals
D:9:      layout_irregular_city, gammafunk_ghost_spectres,
          doesnt_shop_hydraphobe
D:10:     gammafunk_wand_slinger, layout_small_grid, mainiacjoe_overflow_swirl,
          nicolae_fountain_basement, uniq_gastronok
D:11:     layout_loops_cross
D:12:     layout_cross, serial_shops, nicolae_shop_stone,
          einodemon_barbed_minivault, uniq_snorg
D:13:     layout_cave_pools, gammafunk_ghost_grave, chequers_arboretum,
          nicolae_wwwww, nicolae_guarded_unrand_slippers, uniq_erolcha,
          uniq_lodul, uniq_jorgrun, uniq_rupert
D:14:     layout_gridville, hangedman_vaults_entry_quadrant_bands,
          hangedman_decor_slide_cut
D:15:     grunt_enter_depths_magical_seal, layout_grid_maze,
          okawaru_ov_weapons_minmay, serial_glass, glass_columns_a,
          glass_columns_a, glass_columns_c, glass_columns_a,
          minmay_strange_pillars, feat_on_display, feat_on_display,
          due_unseen_surprise, minivault_5, minivault_13, uniq_azrael,
          uniq_josephine
Temple:   minmay_temple_bridge_d
Lair:1:   layout_layer_cave, grunt_megastairs_2, uniq_harold, uniq_grum
Lair:2:   layout_loops_ring, infiniplex_staircase_pool_2, serial_bayou_shore_a,
          serial_bayou_shore_b
Lair:3:   layout_cellular_growth, shoals_dummy_entry,
          spider_nest_entry_funnel_web, nicolae_lair_grove_arrangements,
          grunt_megastairs_4
Lair:4:   layout_regular_city, basic_altar, minmay_hedge_maze, uniq_urug,
          uniq_nessos
Lair:5:   evilmike_catoblepas_cave, layout_cave_shapes, dpeg_slime_entry_corner,
          ebering_ghost_xom, infiniplex_staircase_pool, lemuel_fruit_tree
Shoals:1: layout_shoals, nicolae_shoals_siren_and_animal_friends
Shoals:2: layout_shoals, hellmonk_ghost_happy_afterlife
Shoals:3: layout_shoals, serial_shops, shop, nicolae_shoals_secluded_bog
Shoals:4: shoals_end_simple, layout_shoals, shoal_ilsuiw,
          nicolae_shoals_nautilus_by_nature, uniq_mara
Orc:1:    layout_caves, basic_altar
Orc:2:    pubby_orc_utopia

Skill      XL: |  1  2  3  4  5  6  7  8  9 10 11 12 13 14 15 16 17 |
---------------+----------------------------------------------------+-----
Conjurations   | 2 3 5 7 9 10 12 14 15 19 20 | 20.2
Fire Magic     | 4 5 6 7 8 10 15 16 | 16.9
Spellcasting   | 4 5 6 8 9 10 11 13 15 19 20 | 20.0
Transmutations | 2 6 8 |  8.0
Fighting       | 2 5 6 7 8 |  8.0
Dodging        | 5 9 11 | 11.0
Stealth        | |  2.4

Action                     |  1- 3 |  4- 6 |  7- 9 | 10-12 | 13-15 | 16-18 || total
---------------------------+-------+-------+-------+-------+-------+-------++-------
  Melee: Unarmed           |     1 |     1 |       |       |       |       ||     2
         Dagger            |       |       |       |    16 |    32 |       ||    48
         Rapier            |       |       |       |       |    57 |       ||    57
         Punch             |       |       |       |       |     4 |       ||     4
         Whip              |       |       |       |       |    47 |    12 ||    59
  Throw: Dart              |       |       |       |     1 |       |       ||     1
   Cast: Foxfire           |   135 |    68 |   196 |   262 |   205 |       ||   866
         Inner Flame       |       |     1 |       |     6 |       |       ||     7
         Scorch            |       |    10 |    41 |    18 |     2 |       ||    71
         Flame Wave        |       |       |     2 |    59 |    79 |     3 ||   143
         Irradiate         |       |       |       |    24 |    74 |     2 ||   100
         Orb of Destructio |       |       |       |       |   135 |    38 ||   173
         Starburst         |       |       |       |       |    97 |   180 ||   277
         Plasma Beam       |       |       |       |       |     1 |     2 ||     3
         Spellforged Servi |       |       |       |       |       |     1 ||     1
  Evoke: Wand              |       |       |       |       |     1 |       ||     1
    Use: Scroll            |     4 |     6 |     3 |     6 |     8 |     4 ||    31
         Potion            |       |     6 |       |     5 |     2 |     4 ||    17
 Armour: Robe              |     8 |    22 |    13 |       |       |       ||    43
         Leather armour    |       |       |    36 |   112 |   289 |   127 ||   564
  Dodge: Dodged            |    13 |    17 |    39 |   127 |   365 |   175 ||   736
         Repelled          |       |       |       |       |     5 |     6 ||    11

Table legend: (Time is in decaauts)
 A = Elapsed time spent in this place.
 B = Non-inter-level travel time spent in this place.
 C = Inter-level travel time spent in this place.
 D = Time resting spent in this place.
 E = Time spent auto-exploring this place.
 F = Levels seen in this place.
 G = Mean time per level.
                   A        B        C        D        E       F      G
               +--------+--------+--------+--------+--------+-----+--------+
         Total |  32420 |  29909 |   2511 |  10249 |  13665 |  27 | 1200.7 |
       Dungeon |  17861 |  16172 |   1689 |   5466 |   7692 |  15 | 1190.7 |
        Temple |    146 |      2 |    144 |      0 |      0 |   1 |  146.0 |
          Lair |   8014 |   7553 |    461 |   2614 |   3352 |   5 | 1602.8 |
        Shoals |   4010 |   3969 |     41 |   1541 |   1560 |   4 | 1002.5 |
  Orcish Mines |   2387 |   2212 |    175 |    628 |   1059 |   2 | 1193.5 |
               +--------+--------+--------+--------+--------+-----+--------+

Top non-repeatable levels by time:
   Orc:2: 2106 daAuts
     D:8: 2032 daAuts
    D:15: 1999 daAuts
  Lair:5: 1905 daAuts
  Lair:3: 1636 daAuts
Shoals:1: 1634 daAuts
  Lair:1: 1618 daAuts
  Lair:4: 1557 daAuts
     D:4: 1549 daAuts
    D:12: 1367 daAuts
     D:6: 1330 daAuts
  Lair:2: 1297 daAuts
    D:14: 1279 daAuts
    D:11: 1140 daAuts
     D:5: 1088 daAuts
